 Dungeon Crawl Stone Soup version 0.23.1 (webtiles) character file.

Game seed: 5997131868349146373

8248 Marnok the Slicer (level 11, -11/94 HPs)
             Began as a Minotaur Fighter on Mar 17, 2019.
             Was an Elder of Ashenzari.
             Mangled by a five-headed hydra (15 damage)
             ... on level 2 of the Lair of Beasts.
             The game lasted 00:45:36 (7015 turns).

Marnok the Slicer (Minotaur Fighter)                Turns: 7015, Time: 00:45:38

Health: -11/94     AC:  7    Str: 23    XL:     11   Next: 7%
Magic:  10/10      EV: 12    Int:  5    God:    Ashenzari [****..]
Gold:   349        SH: 13    Dex: 16    Spells: 9/10 levels left

rFire    . . .     SeeInvis +   b - +0 dagger (flame)
rCold    . . .     Gourm    .   c - +0 shield (curse)
rNeg     . . .     Faith    .   F - +0 troll leather armour (curse)
rPois    .         Spirit   .   (helmet unavailable)
rElec    .         Reflect  .   E - +0 cloak (curse)
rCorr    .         Harm     +   (no gloves)
MR       .....     Clarity  +   (no boots)
Stlth    ++........             r - amulet of harm (curse)
HPRegen  0.65/turn              g - +3 ring of dexterity (curse)
MPRegen  0.12/turn              s - ring of stealth (curse)

@: hasted, very quick
A: retaliatory headbutt, hooves 1, horns 3, agile 1, subdued magic 1
a: Curse Item, Scrying, Renounce Religion


You were on level 2 of the Lair of Beasts.
You worshipped Ashenzari.
Ashenzari was greatly pleased with you.
You were hungry.

You visited 2 branches of the dungeon, and saw 12 of its levels.

You collected 349 gold pieces.

Inventory:

Hand Weapons
 a - a +1 long sword
 b - a +0 dagger of flaming (weapon)
 e - a +2 short sword of speed
 A - a +3 trident
 B - a +0 hunting sling of flaming
Missiles
 h - 3 tomahawks (quivered)
Armour
 c - a cursed +0 shield (worn)
 d - a +0 plate armour
 E - a cursed +0 cloak (worn)
 F - a cursed +0 troll leather armour (worn)
 H - a +2 leather armour of fire resistance
Jewellery
 g - a cursed +3 ring of dexterity (left hand)
 r - a cursed amulet of harm (around neck)
 s - a cursed ring of stealth (right hand)
 u - an uncursed amulet of the acrobat
 z - an uncursed ring of ice
Wands
 l - a wand of iceblast (8)
 m - a wand of paralysis (3)
 v - a wand of polymorph (10)
 x - a wand of disintegration (11)
 D - a wand of enslavement (7)
Scrolls
 j - a scroll of noise
 o - 5 scrolls of teleportation
 p - a scroll of immolation
 q - a scroll of fog {unknown}
 y - a scroll of magic mapping
 C - 3 scrolls of enchant armour {unknown}
 K - a scroll of enchant weapon
Potions
 i - 2 potions of curing
 k - 3 potions of brilliance
 n - 2 potions of haste
 t - a potion of lignification
 w - 2 potions of flight
 G - a potion of invisibility {unknown}
 L - a potion of resistance {unknown}
Comestibles
 f - 16 rations


   Skills:
 + Level 8.2 Fighting
 + Level 11.2(11.6) Short Blades
 + Level 5.4(9.6) Long Blades
 + Level 10.2 Armour
 + Level 2.3 Dodging
 + Level 0.7 Stealth
 + Level 10.0(12.1) Shields


You had 9 spell levels left.
You knew the following spells:

 Your Spells              Type           Power        Failure   Level  Hunger
a - Magic Dart            Conj           #...         52%         1    ##.....

Your spell library contained the following spells:

 Spells                   Type           Power        Failure   Level  Hunger
 Searing Ray              Conj           #.....       67%         2    ###....
 Dazzling Spray           Conj/Hex       #.....       89%         3    ####...
 Force Lance              Conj/Tloc      #.......     100%        4    #####..
 Fulminant Prism          Conj/Hex       #.........   100%        4    #####..
 Iskenderun's Mystic Bla  Conj           #.......     100%        4    #####..


Dungeon Overview and Level Annotations

Branches:
Dungeon (10/15)            Temple (0/1) D:7            Lair (2/6) D:9
  Swamp: Lair:2-4    Shoals: Lair:2-4     Snake: Lair:2-4    Spider: Lair:2-4
    Orc: D:9-12

Altars:
Ashenzari
Cheibriados
Dithmenos
Nemelex Xobeh
Okawaru
Sif Muna
Trog
Uskayaw
Xom

Shops:
D:8 }


Innate Abilities, Weirdness & Mutations

You reflexively headbutt those who attack you in melee.
You have a pair of large horns on your head.
You have large cloven feet.
You are agile. (Dex +2)
Your spells are a little easier to cast, but a little less powerful.


Message History

You hit the five-headed hydra but do no damage.
You kick the five-headed hydra, but do no damage.
You headbutt the five-headed hydra.
The five-headed hydra is severely wounded.
You feel better.
The five-headed hydra bites you but does no damage.
The five-headed hydra bites you.
* * * LOW HITPOINT WARNING * * *
You block the five-headed hydra's attack.
The five-headed hydra bites you.
* * * LOW HITPOINT WARNING * * *
The five-headed hydra bites you.
* * * LOW HITPOINT WARNING * * *
You feel better. The five-headed hydra bites you!
* * * LOW HITPOINT WARNING * * *
The five-headed hydra bites you!
* * * LOW HITPOINT WARNING * * *
The five-headed hydra barely misses you.
The five-headed hydra bites you!
You die...

* *###,** *#... ####
*#....,* ...## ##*##..P..
....# *.#..#..# * ..).##
#### ###.....##
..P..###..## #..@D...P# *
* ....P......####......##
..#..>....#..........# ,
..#........#.........# ,
,* *
.................#.##...
,, .#..............##...
.. ,
.##..............##.....
,,
..#..............#,.....
, ,
.................#,.....,
,,*


You could see a five-headed hydra.

Vanquished Creatures
  Harold (D:9)
  Maurice (D:9)
  3 spiny frogs
  Joseph (D:8)
  2 trolls
  3 blink frogs (Lair:1)
  14 yaks
  A hungry ghost (D:8)
  2 water moccasins
  2 porcupines
  2 phantoms
  4 orc warriors
  A sky beast (D:9)
  2 centaurs (D:6)
  2 ogres (D:8)
  4 crocodiles (Lair:1)
  A bullfrog (Lair:1)
  A wyvern skeleton (D:6)
  5 scorpions
  A howler monkey (D:4)
  3 wights (D:8)
  A crimson imp (D:7)
  An orc priest (D:9)
  A hound (D:6)
  A bullfrog skeleton (D:6)
  2 gnoll shamans
  4 orc wizards
  Jessica (D:2)
  An iguana (D:6)
  4 worker ants
  12 gnolls
  8 adders
  2 shadow imps
  3 worms
  3 dart slugs
  2 leopard geckos
  23 orcs
  3 giant cockroaches
  7 hobgoblins
  11 jackals
  2 quokkas
  6 bats
  2 frilled lizards
  9 goblins
  A jackal zombie (D:6)
  5 kobolds
  4 rats
175 creatures vanquished.

Vanquished Creatures (others)
  24 fungi (D:9)
  12 plants (D:9)
36 creatures vanquished.

Grand Total: 211 creatures vanquished

Notes
Turn   | Place    | Note
-------+----------+-------------------------------------------
     0 | D:1      | Marnok the Minotaur Fighter began the quest for the Orb.
     0 | D:1      | Reached XP level 1. HP: 19/19 MP: 0/0
   210 | D:1      | Reached XP level 2. HP: 27/27 MP: 1/1
   436 | D:4      | Reached XP level 3. HP: 33/33 MP: 2/2
   496 | D:4      | Reached XP level 4. HP: 30/40 MP: 3/3
   854 | D:5      | Entered Level 5 of the Dungeon
   866 | D:5      | Learned a level 1 spell: Magic Dart
   922 | D:5      | Noticed an ogre
  1422 | D:3      | Reached XP level 5. HP: 45/47 MP: 4/4
  1971 | D:2      | Found a faded altar of an unknown god.
  1986 | D:2      | Became a worshipper of Ashenzari the Shackled
  1986 | D:2      | Reached * piety under Ashenzari
  2275 | D:2      | Noticed Jessica
  2279 | D:2      | Killed Jessica
  2279 | D:2      | Reached skill level 5 in Shields
  2467 | D:2      | Found a deep blue altar of Sif Muna.
  2679 | D:2      | Found a shimmering altar of Xom.
  3060 | D:4      | Gained mutation: Your body sometimes deteriorates upon
                  | taking damage. [potion of mutation]
  3060 | D:4      | Gained mutation: Your spells are a little harder to cast,
                  | but a little more powerful. [potion of mutation]
  3115 | D:4      | Found a bloodstained altar of Trog.
  3116 | D:4      | Found an iron altar of Okawaru.
  3116 | D:4      | Found a snail-covered altar of Cheibriados.
  3125 | D:4      | Found a sparkling altar of Nemelex Xobeh.
  3188 | D:4      | Reached XP level 6. HP: 53/53 MP: 5/5
  3251 | D:4      | Lost mutation: Your body sometimes deteriorates upon taking
                  | damage. [potion of mutation]
  3251 | D:4      | Gained mutation: You are resistant to hostile enchantments.
                  | (MR+) [potion of mutation]
  3251 | D:4      | Gained mutation: You are partially covered in molten
                  | scales. (AC +2) [potion of mutation]
  3310 | D:5      | Reached skill level 1 in Dodging
  3315 | D:5      | Reached skill level 5 in Long Blades
  3472 | D:5      | Reached ** piety under Ashenzari
  3522 | D:5      | Noticed a +0 hand axe
  3522 | D:5      | Noticed a +0 dagger
  3525 | D:5      | Found a hide-covered altar of Uskayaw.
  3624 | D:6      | Reached skill level 5 in Fighting
  3631 | D:6      | Reached skill level 1 in Short Blades
  3631 | D:6      | Reached skill level 5 in Armour
  3669 | D:6      | Noticed a water moccasin
  3678 | D:6      | Killed a water moccasin
  3678 | D:6      | Reached skill level 2 in Short Blades
  3678 | D:6      | Reached XP level 7. HP: 55/61 MP: 6/6
  3734 | D:6      | Reached skill level 3 in Short Blades
  4151 | D:6      | Reached skill level 4 in Short Blades
  4151 | D:6      | Reached XP level 8. HP: 32/68 MP: 7/7
  4473 | D:6      | Lost mutation: Your spells are a little harder to cast, but
                  | a little more powerful. [potion of mutation]
  4473 | D:6      | Lost mutation: You are resistant to hostile enchantments.
                  | (MR+) [potion of mutation]
  4473 | D:6      | Lost mutation: You are partially covered in molten scales.
                  | (AC +2) [potion of mutation]
  4473 | D:6      | Gained mutation: You have a pair of large horns on your
                  | head. [potion of mutation]
  4473 | D:6      | Gained mutation: Your flesh is cold resistant. (rC+)
                  | [potion of mutation]
  4473 | D:6      | Gained mutation: You are partially covered in rugged brown
                  | scales. (AC +1, +3% HP) [potion of mutation]
  4474 | D:6      | Lost mutation: You are partially covered in rugged brown
                  | scales. (AC +1, +3% HP) [potion of mutation]
  4474 | D:6      | Lost mutation: Your flesh is cold resistant. (rC+) [potion
                  | of mutation]
  4474 | D:6      | Gained mutation: You have large cloven feet. [potion of
                  | mutation]
  4474 | D:6      | Gained mutation: Your spells are a little easier to cast,
                  | but a little less powerful. [potion of mutation]
  4474 | D:6      | Gained mutation: You are agile. (Dex +2) [potion of
                  | mutation]
  4742 | D:8      | Reached skill level 5 in Short Blades
  4832 | D:8      | Found Fanuyc's Gadget Shoppe.
  5098 | D:7      | Found a staircase to the Ecumenical Temple.
  5186 | D:8      | Reached skill level 6 in Short Blades
  5188 | D:8      | Noticed Joseph
  5209 | D:8      | Killed Joseph
  5209 | D:8      | Reached XP level 9. HP: 49/75 MP: 8/8
  5364 | D:9      | Noticed Maurice
  5390 | D:9      | Killed Maurice
  5620 | D:10     | Entered Level 10 of the Dungeon
  5623 | D:10     | Noticed a troll
  5634 | D:10     | Killed a troll
  5634 | D:10     | Reached skill level 7 in Short Blades
  5639 | D:9      | Found a shadowy altar of Dithmenos.
  5650 | D:9      | Noticed a troll
  5658 | D:9      | Killed a troll
  5682 | D:10     | Reached *** piety under Ashenzari
  5742 | D:9      | Reached skill level 8 in Short Blades
  5883 | D:9      | Noticed Harold
  5884 | D:9      | Reached XP level 10. HP: 74/84 MP: 9/9
  5895 | D:9      | Reached skill level 9 in Short Blades
  5903 | D:9      | Paralysed by Harold for 2 turns
  5915 | D:9      | Killed Harold
  5954 | D:9      | Found a staircase to the Lair.
  5967 | Lair:1   | Entered Level 1 of the Lair of Beasts
  6018 | Lair:1   | Noticed a spiny frog
  6024 | Lair:1   | Killed a spiny frog
  6024 | Lair:1   | Reached skill level 10 in Short Blades
  6105 | Lair:1   | Reached skill level 10 in Armour
  6195 | Lair:1   | Noticed a spiny frog
  6203 | Lair:1   | Killed a spiny frog
  6332 | Lair:1   | Reached skill level 11 in Short Blades
  6684 | Lair:2   | Noticed a spiny frog
  6690 | Lair:2   | Reached XP level 11. HP: 76/94 MP: 10/10
  6700 | Lair:2   | Reached skill level 10 in Shields
  6810 | Lair:2   | Reached **** piety under Ashenzari
  6993 | Lair:2   | Noticed a five-headed hydra
  7015 | Lair:2   | HP: 4/94 [five-headed hydra (14)]
  7015 | Lair:2   | Mangled by a five-headed hydra

Skill      XL: |  1  2  3  4  5  6  7  8  9 10 11 |
---------------+----------------------------------+-----
Fighting       | 4 5 6 8 |  8.2
Armour         | 4 5 6 7 9 10 | 10.2
Long Blades    | 3 4 5 |  5.4
Shields        | 4 5 6 8 9 10 | 10.0
Dodging        | 1 2 |  2.3
Short Blades   | 2 4 6 8 11 | 11.2
Stealth        | |  0.7

Action                   |  1- 3 |  4- 6 |  7- 9 | 10-12 || total
-------------------------+-------+-------+-------+-------++-------
Melee: Long sword        |    47 |   129 |       |       ||   176
       Headbutt          |     6 |    34 |    68 |    50 ||   158
       Short sword       |       |    62 |   275 |   129 ||   466
       Kick              |       |       |    68 |    64 ||   132
       Dagger            |       |       |       |     9 ||     9
Invok: Curse Item        |       |       |     5 |     2 ||     7
  Use: Potion            |     1 |     6 |     6 |     8 ||    21
       Scroll            |       |     8 |     2 |     2 ||    12
  Eat: Chunk             |       |     9 |     7 |     3 ||    19
Armor: Scale mail        |    23 |       |       |       ||    23
       Plate armour      |     4 |    89 |    76 |    15 ||   184
       Troll leather arm |       |       |       |    13 ||    13
Dodge: Dodged            |    17 |    22 |    29 |    23 ||    91
Block: Shield            |    25 |    85 |   105 |    35 ||   250
       Rpst.: Long sword |     6 |     3 |       |       ||     9
